 Dungeon Crawl Stone Soup version 0.29-a0-529-gfa20dd96a1 (webtiles) character file.

Game seed: 3379381697512633066

1635 happo123 the Sneak (level 9, -7/52 HPs)
             Began as a Kobold Enchanter on June 2, 2022.
             Killed by divine providence
             ... invoked by an orc priest
              (9 damage)
             ... on level 6 of the Dungeon.
             The game lasted 00:24:32 (6920 turns).

happo123 the Sneak (Kobold Enchanter)               Turns: 6920, Time: 00:24:32

Health: -7/52      AC:  6    Str:  5    XL:     9   Next: 18%
Magic:  4/16       EV: 18    Int: 20    God:
Gold:   328        SH:  0    Dex: 22    Spells: 9/17 levels left

rFire   . . .      SeeInvis .   k - +1 short sword (venom)
rCold   . . .      Faith    .   (no shield)
rNeg    . . .      Spirit   .   o - +1 robe of Tasap {Dex+6}
rPois   .          Reflect  .   (no helmet)
rElec   .          Harm     .   (no cloak)
rCorr   .          Rampage  .   s - +2 pair of gloves
Will    .....                   (no boots)
Stlth   ++........              (no amulet)
HPRegen 0.17/turn               p - ring of flight
MPRegen 0.15/turn               (no ring)

@: lit by a corona, flying, glowing
A: small, no large weapons, nightstalker 3
a: no special abilities


You were on level 6 of the Dungeon.
You visited 1 branch of the dungeon, and saw 6 of its levels.

You collected 328 gold pieces.

Inventory:

Hand Weapons
 a - a +1 dagger
 k - a +1 short sword of venom (weapon)
 v - the +7 staff of the Meek {protect, meekguard}
   (You found it on level 4 of the Dungeon)

   It grants its wielder temporary protection when it strikes (+7 to AC).
   It provides extra protection to wielders with little health.
 B - a +0 hand crossbow
Armour
 o - the +1 robe of Tasap (worn) {Dex+6}
   (You found it on level 2 of the Dungeon)

   Dex:       It affects your dexterity (+6).
 s - a +2 pair of gloves (worn)
Magical Staves
 u - a staff of earth
 x - a staff of air
Jewellery
 p - a ring of flight (left hand)
Scrolls
 b - 2 scrolls of fog
 d - a scroll of teleportation {unknown}
 e - 2 scrolls of noise
 f - 5 scrolls of immolation
 i - 4 scrolls of enchant armour
 m - 3 scrolls of identify
 n - 2 scrolls of brand weapon
 y - a scroll of poison {unknown}
 A - a scroll of amnesia {unknown}
 C - a scroll of vulnerability {unknown}
Potions
 c - 2 potions of invisibility
 g - a potion of attraction {unknown}
 h - 2 potions of degeneration {unknown}
 j - a potion of might {unknown}
 l - a potion of heal wounds {unknown}
 q - 4 potions of curing
 r - 2 potions of cancellation {unknown}
 t - a potion of mutation {unknown}
 w - a potion of lignification {unknown}
 z - 2 potions of berserk rage {unknown}


   Skills:
 + Level 4.0 Fighting
 + Level 5.5 Short Blades
 + Level 5.5 Dodging
 + Level 7.2 Stealth
 + Level 4.7 Spellcasting
 * Level 6.5 Hexes


You had 9 spell levels left.
You knew the following spells:

 Your Spells              Type           Power      Damage    Failure   Level
a - Ensorcelled Hibernat  Hex/Ice        34%        N/A       4%          2
b - Confusing Touch       Hex            31%        N/A       2%          3
c - Tukima's Dance        Hex            31%        N/A       2%          3

Your spell library contained the following spells:

 Spells                   Type           Power      Damage    Failure   Level
 Dazzling Flash           Conj/Hex       34%        N/A       10%         3
 Apportation              Tloc           8%         N/A       12%         1
 Necrotize                Necr           16%        1d4       12%         1
 Summon Small Mammal      Summ           16%        N/A       12%         1
 Blink                    Tloc           8%         N/A       19%         2
 Scorch                   Fire           8%         2d5       19%         2
 Gell's Gravitas          Tloc           4%         N/A       34%         3
 Lesser Beckoning         Tloc           4%         N/A       34%         3
 Teleport Other           Tloc           4%         N/A       34%         3
 Flame Wave               Conj/Fire      4%         2d5       75%         4
 Manifold Assault         Tloc           4%         N/A       97%         5
 Dispersal                Tloc           2%         N/A       100%        6
 Summon Cactus Giant      Summ           2%         N/A       100%        6


Dungeon Overview and Level Annotations

Branches:
Dungeon (6/15)
 Temple: D:4-7

Altars:
Ashenzari
Qazlal
Vehumet
Beogh


Innate Abilities, Weirdness & Mutations

You are small and have problems with some larger weapons.
You are completely attuned to the shadows.


Message History

The gnoll is severely wounded.
The gnoll hits you from afar with a +0 spear.
The gnoll hits you with a +0 club. The gnoll hits you with a +0 club.
The gnoll attacks as you move away! The gnoll misses you.
You barely miss the gnoll.
The gnoll is almost dead.
You kill the gnoll!
The gnoll misses you. The gnoll hits you with a +0 spear.
The orc closely misses you.
You see here a +0 club.
You hit the gnoll.
The gnoll is lightly wounded.
The gnoll hits you with a +0 spear. The orc closely misses you.
The gnoll attacks as you move away! The gnoll hits you but does no damage.
The orc attacks as you move away! The orc hits you but does no damage.
The gnoll hits you from afar with a +0 spear.
You hit the orc.
The orc is poisoned.
The orc is heavily wounded.
You closely miss the orc.
The orc is heavily wounded.
The gnoll misses you. The orc hits you but does no damage.
You hit the orc.
You kill the orc!
The gnoll misses you.
The orc priest mumbles some strange prayers to Beogh against you.
Beogh smites you!
* * * LOW HITPOINT WARNING * * *
The bullfrog closely misses you.
Your Fighting skill increases to level 4!
The bullfrog attacks as you move away! The bullfrog hits you.
* * * LOW HITPOINT WARNING * * *
The bullfrog barely misses you. The bullfrog attacks as you move away!
The bullfrog completely misses you. The bullfrog attacks as you move away!
The bullfrog completely misses you. The bullfrog hits you.
* * * LOW HITPOINT WARNING * * *
The orc priest invokes the aid of Beogh against you.
Beogh smites you!
You die...

#########.##..
.....#....##..
≈≈≈≈...#####..
.≈§§§....≈.###
#...≈.≈≈≈≈≈.≈.# .≈o≈
#)..≈.≈...≈.≈.# ≈Fo≈
#..≈.§._§≈.§.#
≈≈≈.♣###..≈.≈§..§.≈.#
..g§♣.)oog≈F@§§§≈.≈.#
♣..##..≈...§§..≈.#
######.≈≈≈≈≈.≈≈≈.#
#...........#
#############


You could see a bullfrog, an orc priest and a gnoll.

Vanquished Creatures
  Sigmund (D:4)
  A water moccasin (D:6)
  2 black bears (D:6)
  A sky beast (D:6)
  An ice beast (D:6)
  An ogre (D:5)
  A phantom (D:6)
  A kobold brigand (D:5)
  A bullfrog (D:4)
  A scorpion (D:5)
  A jelly (D:4)
  3 orc priests
  A gnoll shaman (D:5)
  5 iguanas
  2 orc wizards (D:6)
  10 gnolls
  9 adders
  2 white imps (D:6)
  An ufetubus (D:6)
  A dart slug (D:4)
  14 orcs
  5 ball pythons
  3 endoplasms
  3 giant cockroaches
  6 hobgoblins
  6 jackals
  6 quokkas
  4 bats (D:2)
  A frilled lizard (D:3)
  7 goblins
  11 kobolds
  4 rats
116 creatures vanquished.

Vanquished Creatures (collateral kills)
  A gnoll shaman (D:6)
  A gnoll (D:6)
2 creatures vanquished.

Grand Total: 118 creatures vanquished

Notes
Turn   | Place    | Note
-------+----------+-------------------------------------------
     0 | D:1      | happo123 the Kobold Enchanter began the quest for the Orb.
     0 | D:1      | Reached XP level 1. HP: 10/10 MP: 3/3
   261 | D:1      | Reached XP level 2. HP: 15/15 MP: 5/5
   264 | D:1      | Learned a level 2 spell: Ensorcelled Hibernation
   417 | D:1      | Found a faded altar of an unknown god.
   812 | D:2      | Identified the +1 robe of Tasap {Dex+6}
  1131 | D:2      | Reached XP level 3. HP: 19/19 MP: 3/6
  1135 | D:2      | Learned a level 3 spell: Confusing Touch
  1435 | D:2      | Identified the +0 leather armour of Good Intentions {Str+2}
  1930 | D:3      | Reached XP level 4. HP: 24/24 MP: 6/8
  2227 | D:3      | Reached skill level 5 in Stealth
  2227 | D:3      | Reached XP level 5. HP: 14/28 MP: 4/9
  2371 | D:3      | Reached skill level 1 in Fighting
  3361 | D:4      | Found a broken altar of Ashenzari.
  3367 | D:4      | Reached XP level 6. HP: 34/34 MP: 10/10
  3437 | D:4      | Found the +7 staff of the Meek {protect, meekguard}
  3511 | D:4      | Learned a level 3 spell: Tukima's Dance
  3659 | D:4      | Noticed Sigmund
  3666 | D:4      | Killed Sigmund
  3667 | D:4      | Reached XP level 7. HP: 40/40 MP: 9/12
  4317 | D:5      | Entered Level 5 of the Dungeon
  4629 | D:5      | Reached skill level 5 in Hexes
  4786 | D:5      | Found a radiant altar of Vehumet.
  4891 | D:5      | Reached skill level 6 in Stealth
  4921 | D:5      | Reached XP level 8. HP: 11/45 MP: 4/13
  6208 | D:6      | Reached skill level 5 in Dodging
  6211 | D:6      | Reached skill level 5 in Short Blades
  6594 | D:6      | Reached skill level 7 in Stealth
  6725 | D:6      | Reached XP level 9. HP: 47/51 MP: 15/15
  6806 | D:6      | Found a stormy altar of Qazlal.
  6919 | D:6      | HP: 2/52 [bullfrog (3)]
  6920 | D:6      | Killed from afar by an orc priest

Illustrated notes

Levels and vault maps discovered:
D:1:      psy_arrival_basics, layout_rooms, dilly_ecumenical_altar_fadedgnrine
D:2:      minmay_alternating_diamond, layout_basic
D:3:      layout_basic
D:4:      layout_gridville, cheibrodos_ashenzari_chains, serial_glass,
          glass_columns_c, glass_columns_c, due_unseen_surprise,
          item_on_display_a, minmay_strange_pillars, pf_guarded_unrand_meek,
          uniq_sigmund
D:5:      layout_loops_cross, lemuel_doored_altar
D:6:      layout_rooms, mainiacjoe_overflow_concentric_impassable,
          mainiacjoe_overflow_paths, chequers_serial_rivers_small_3,
          minmay_tree_intersection, grunt_ministairs_7

Skill      XL: |  1  2  3  4  5  6  7  8  9 |
---------------+----------------------------+-----
Short Blades   | 2 3 4 5 |  5.5
Dodging        | 3 4 5 |  5.5
Stealth        | 5 6 7 |  7.2
Fighting       | 1 2 3 4 |  4.0
Spellcasting   | 3 4 |  4.7
Hexes          | 4 5 6 |  6.5

Action                   |  1- 3 |  4- 6 |  7- 9 || total
-------------------------+-------+-------+-------++-------
Melee: Dagger            |    15 |       |       ||    15
       Short sword       |    36 |    63 |   102 ||   201
       Punch             |       |     1 |     1 ||     2
       Quarterstaff      |       |       |     2 ||     2
 Cast: Ensorcelled Hiber |     6 |    24 |    26 ||    56
       Confusing Touch   |       |     3 |     9 ||    12
       Tukima's Dance    |       |       |     5 ||     5
  Use: Scroll            |       |     1 |     4 ||     5
 Stab: Sleeping          |    19 |    34 |    26 ||    79
       Confused          |       |     1 |     6 ||     7
Armor: Robe              |     7 |    13 |    21 ||    41
Dodge: Dodged            |    27 |    44 |   114 ||   185

Table legend: (Time is in decaauts)
 A = Elapsed time spent in this place.
 B = Non-inter-level travel time spent in this place.
 C = Inter-level travel time spent in this place.
 D = Time resting spent in this place.
 E = Time spent auto-exploring this place.
 F = Levels seen in this place.
 G = Mean time per level.
                   A        B        C        D        E       F      G
               +--------+--------+--------+--------+--------+-----+--------+
         Total |   6904 |   6495 |    409 |    820 |   4685 |   6 | 1150.7 |
       Dungeon |   6904 |   6495 |    409 |    820 |   4685 |   6 | 1150.7 |
               +--------+--------+--------+--------+--------+-----+--------+

Top non-repeatable levels by time:
     D:5: 1566 daAuts
     D:3: 1399 daAuts
     D:2: 1150 daAuts
     D:4: 1023 daAuts
     D:6: 1019 daAuts
     D:1: 745 daAuts
